 Dungeon Crawl Stone Soup version 0.26-a0-757-g626ac9e51a (webtiles) character file.

Game seed: 11109299401901146141

90794 dolemite99 the Nimble (level 16, -11/124 HPs)
             Began as a Gnoll Arcane Marksman on Nov 7, 2020.
             Was a High Priest of Kikubaaqudgha.
             Mangled by a goliath frog (16 damage)
             ... on level 1 of the Swamp on Nov 8, 2020.
             The game lasted 01:22:41 (40485 turns).

dolemite99 the Nimble (Gnoll Arcane Marksman)      Turns: 40485, Time: 01:22:42

Health: -11/124    AC:  4    Str: 16    XL:     16   Next: 1%
Magic:  25/30      EV: 19    Int: 18    God:    Kikubaaqudgha [*****.]
Gold:   650        SH:  8    Dex: 25    Spells: 6/36 levels left

rFire    + + +     SeeInvis .   a - +7 fustibalus "Koemaic" {flame, rF++ rC+}
rCold    + + .     Faith    .   Z - +0 buckler
rNeg     . . .     Spirit   .   J - +2 scale mail {rF+}
rPois    +         Reflect  .   S - +2 helmet "Safyuzar" {*Corrode rElec rPois MR+}
rElec    +         Harm     .   W - +0 cloak "Vuahow" {rC+} (curse)
rCorr    .         Rampage  .   e - +2 pair of gloves
MR       +++..                  d - +0 pair of boots
Stlth    ++++......             (no amulet)
HPRegen  0.30/turn              p - ring of Wonder {+Blink MR+ Dex+2 Slay+4, =R}
MPRegen  0.22/turn              o - +6 ring of dexterity

@: confusing touch, corroded
A: distributed training, fangs 1, strong nose
a: Receive Corpses, Torment, Renounce Religion, Evoke Blink


You were on level 1 of the Swamp.
You worshipped Kikubaaqudgha.
Kikubaaqudgha was extremely pleased with you.
You visited 4 branches of the dungeon, and saw 24 of its levels.
You also visited: Sewer.

You collected 2567 gold pieces.
You spent 1917 gold pieces at shops.

Inventory:

Hand Weapons
 a - the +7 fustibalus "Koemaic" (weapon) {flame, rF++ rC+}
   (You bought it in a shop on level 2 of the Orcish Mines)

   It causes projectiles fired from it to burn those they strike, causing extra
   injury to most foes and up to half again as much damage against particularly
   susceptible opponents.
   It greatly protects you from fire.
   It protects you from cold.
 x - a +4 dagger of pain
 y - the +7 hand axe "Boleulun" {venom, rElec Int-3 SInv}
   (You bought it in a shop on level 11 of the Dungeon)

   It poisons the flesh of those it strikes.
   It affects your intelligence (-3).
   It insulates you from electricity.
   It lets you see invisible.
 C - the +8 falchion "Jutir" {vorpal, +Inv}
   (You found it on level 9 of the Dungeon)

   It inflicts extra damage upon your enemies.
   It lets you turn invisible.
Missiles
 h - 621 stones
 s - 71 poisoned darts
 w - 52 sling bullets (quivered)
 Y - 2 curare-tipped darts
Armour
 d - a +0 pair of boots (worn)
 e - a +2 pair of gloves (worn)
 J - a +2 scale mail of fire resistance (worn)
 S - the +2 helmet "Safyuzar" (worn) {*Corrode rElec rPois MR+}
   (You found it on level 10 of the Dungeon)

   It insulates you from electricity.
   It protects you from poison.
   It affects your resistance to hostile enchantments.
   It may corrode you when you take damage.
 W - the cursed +0 cloak "Vuahow" (worn) {rC+}
   (You found it on level 10 of the Dungeon)

   It protects you from cold.
   It has a curse placed upon it.
 Z - a +0 buckler (worn)
Jewellery
 c - an uncursed ring of resist corrosion
 o - a +6 ring of dexterity (right hand)
 p - the ring of Wonder (left hand) {+Blink MR+ Dex+2 Slay+4, =R}
   (You acquired it on level 7 of the Dungeon)

   [ring of slaying]

   It affects your dexterity (+2).
   It affects your accuracy and damage with ranged weapons and melee attacks
   (+4).
   It affects your resistance to hostile enchantments.
   It lets you blink.
 z - an uncursed ring of protection from cold
 A - an uncursed ring of poison resistance
 R - a +4 ring of protection
Wands
 n - a wand of paralysis (5)
 E - a wand of iceblast (17)
 F - a wand of digging (7)
 P - a wand of polymorph (9)
 V - a wand of flame (36)
 X - a wand of disintegration (10)
Scrolls
 f - a scroll of summoning
 i - 5 scrolls of identify {@r1}
 l - 2 scrolls of amnesia
 q - 4 scrolls of fog
 u - a scroll of fear
 v - 2 scrolls of blinking
 D - 2 scrolls of holy word
 O - 11 scrolls of remove curse {@r2}
 Q - 9 scrolls of teleportation
 T - a scroll of vulnerability
Potions
 b - a potion of heal wounds
 g - a potion of resistance
 j - 6 potions of flight
 k - 3 potions of haste
 m - 7 potions of mutation
 B - 11 potions of brilliance
 G - 13 potions of curing
 H - 2 potions of ambrosia
 I - a potion of cancellation
 K - 4 potions of lignification
 L - a potion of magic
 M - 4 potions of attraction
 N - a potion of might
 U - 8 potions of invisibility
Miscellaneous
 r - a lightning rod (4/4)
 t - a box of beasts (inert)


   Skills:
 + Level 10.8 Fighting
 + Level 10.4 Short Blades
 + Level 10.4 Long Blades
 + Level 10.4 Axes
 + Level 10.4 Maces & Flails
 + Level 10.4 Polearms
 + Level 10.4 Staves
 + Level 11.3 Slings
 + Level 10.4 Bows
 + Level 10.4 Crossbows
 + Level 10.4 Throwing
 + Level 10.4 Armour
 + Level 11.3 Dodging
 + Level 10.4 Stealth
 + Level 10.4 Shields
 + Level 10.4 Unarmed Combat
 + Level 10.8 Spellcasting
 + Level 8.8 Conjurations
 + Level 10.3 Hexes
 + Level 8.8 Summonings
 + Level 8.8 Necromancy
 + Level 8.8 Translocations
 + Level 8.8 Transmutations
 + Level 8.8 Fire Magic
 + Level 8.8 Ice Magic
 + Level 8.8 Air Magic
 + Level 8.8 Earth Magic
 + Level 8.8 Poison Magic
 + Level 11.3 Invocations
 + Level 10.4 Evocations


You had 6 spell levels left.
You knew the following spells:

 Your Spells              Type           Power        Failure   Level
a - Summon Lightning Spi  Summ/Air       #####...     5%          4
b - Cause Fear            Hex            #####.....   2%          4
c - Mephitic Cloud        Conj/Pois/Air  #####...     1%          3
d - Animate Dead          Necr           #####.....   5%          4
f - Frozen Ramparts       Ice            #####.       1%          3
g - Apportation           Tloc           #####.       1%          1
h - Slow                  Hex            #####...     1%          2
i - Confusing Touch       Hex            #####...     1%          3
j - Corona                Hex            #####..      1%          1
n - Petrify               Tmut/Erth      #####...     5%          4
s - Animate Skeleton      Necr           #####.       1%          1

Your spell library contained the following spells:

 Spells                   Type           Power        Failure   Level
 Foxfire                  Conj/Fire      ####         1%          1
 Freeze                   Ice            ####         1%          1
 Magic Dart               Conj           ####         1%          1
 Pain                     Necr           ####         1%          1
 Blink                    Tloc           N/A          1%          2
 Call Imp                 Summ           #####...     1%          2
 Sublimation of Blood     Necr           #####.....   1%          2
 Conjure Flame            Conj/Fire      #####...     1%          3
 Gell's Gravitas          Tloc           #####.....   1%          3
 Ignite Poison            Fire/Tmut/Pois #####...     1%          3
 Inner Flame              Hex/Fire       #####...     1%          3
 Lesser Beckoning         Tloc           #####.....   1%          3
 Ozocubu's Armour         Ice            #####...     1%          3
 Portal Projectile        Hex/Tloc       #####.       1%          3
 Spider Form              Tmut/Pois      #####.....   1%          3
 Summon Guardian Golem    Hex/Summ       #####...     1%          3
 Tukima's Dance           Hex            #####...     1%          3
 Vampiric Draining        Necr           #####.....   1%          3
 Leda's Liquefaction      Hex/Erth       #####.....   3%          4
 Dispel Undead            Necr           #####...     5%          4
 Hailstorm                Conj/Ice       #####...     5%          4
 Sticky Flame             Conj/Fire      #####...     5%          4
 Summon Ice Beast         Ice/Summ       #####...     5%          4
 Metabolic Englaciation   Hex/Ice        #####.....   11%         5
 Silence                  Hex/Air        #####.....   11%         5
 Yara's Violent Unravell  Hex/Tmut       #####.....   11%         5
 Agony                    Necr           #####...     14%         5
 Alistair's Intoxication  Tmut/Pois      #####....    14%         5
 Borgnjor's Vile Clutch   Necr/Erth      #####.....   14%         5
 Excruciating Wounds      Necr           #####.....   14%         5
 Fireball                 Conj/Fire      #####.....   14%         5
 Invisibility             Hex            #####...     41%         6
 Conjure Ball Lightning   Conj/Air       #####.....   63%         6
 Tornado                  Air            #####.....   100%        9


Dungeon Overview and Level Annotations

Branches:
Dungeon (15/15)            Temple (0/1) D:4            Lair (6/6) D:10
  Swamp (1/4) Lair:4       Spider (0/4) Lair:4        Slime (0/5) Lair:5
    Orc (2/2) D:9             Elf (0/3) Orc:2        Vaults (0/5) D:14
 Depths (0/5) D:15          Sewer (visited)

Altars:
Ashenzari
Cheibriados
Elyvilon
Fedhas
Gozag
Kikubaaqudgha
Okawaru
Ru
Sif Muna
Trog
Vehumet
Xom
Zin
The Shining One
Beogh

Shops:
D:5 !   D:9 =   D:11 *   D:14 :   Orc:2 [:(!

Annotations:
Lair:4 3 runed translucent doors, Tathib's ghost, journeyman MiFi
Lair:6 1 runed translucent door, jiml777's ghost, journeyman DEAE


Innate Abilities, Weirdness & Mutations

Your experience applies equally to all skills.
You have very sharp teeth.
Your uncanny sense of smell can sniff out nearby items.


Message History

Okay, then.
Casting: Animate Dead (mildly dangerous; 5% risk of failure)
Confirm with . or Enter, or press ? or * to list all spells.
Your hands begin to glow red.
The goliath frog hits you! The acid corrodes you!
You are splashed with acid!
The goliath frog hits you.
* * * LOW HITPOINT WARNING * * *
The acid corrodes you!
You are splashed with acid!
* * * LOW HITPOINT WARNING * * *
The goliath frog hits you!
* * * LOW HITPOINT WARNING * * *
The acid corrodes you!
You are splashed with acid!
* * * LOW HITPOINT WARNING * * *
Press: ? - help, v - describe, . - travel The floor, spattered with blood.
Casting: Confusing Touch (safe; 1% risk of failure)
Confirm with . or Enter, or press ? or * to list all spells.
Your hands begin to glow brighter.
The goliath frog barely misses you. x2
The goliath frog hits you!
You die...
Kikubaaqudgha rasps: "You have failed me!
Welcome... death!"

......≈ ≈≈≈§≈§≈≈≈≈♣
.≈≈§≈≈≈ ≈≈≈≈≈§≈≈≈.♣
.≈≈≈≈≈≈ ≈≈.≈≈≈≈≈≈§♣
.≈≈(≈≈≈
≈....≈..♣♣♣.≈≈(≈≈≈
......)♣♣≈.≈≈≈≈≈≈ ..≈
♣♣♣♣≈...♣♣≈..≈≈≈§≈ .§≈.
♣♣≈..≈≈≈≈♣♣.......≈ ....
♣≈≈.(≈≈≈.@F.......≈
...≈♣♣♣♣≈..≈......≈≈≈...≈
≈≈.≈♣≈≈≈≈.≈.......≈≈..≈♣.
♣♣......♣♣♣...≈...≈≈.♣
♣.≈≈≈...♣♣♣♣♣♣♣≈..§≈.♣
♣<≈§≈....≈.§♣ ♣♣.≈≈..♣
♣.≈≈≈≈.≈.≈♣♣♣ ≈≈..♣♣
♣.≈≈≈≈.♣♣♣♣ ≈..♣♣
♣♣.....♣ ♣♣♣♣


You could see a goliath frog.

Vanquished Creatures
  Gastronok (Lair:1)
  An orc warlord (Orc:2)
  A caustic shrike zombie (D:15)
  A dire elephant (Lair:2)
  A bunyip (Swamp:1)
  An eleionoma (Swamp:1)
  Josephine (D:12)
  Erolcha (D:9)
  3 hydras
  A boulder beetle (D:11)
  2 catoblepae (Lair:6)
  2 centaur warriors
  A dancing weapon (D:14)
  An alligator (Swamp:1)
  A tengu warrior (D:15)
  15 death yaks
  An ogre mage (D:15)
  9 two-headed ogres
  An orc high priest (Orc:2)
  Nergalle (D:10)
  A flayed ghost (D:15)
  2 unseen horrors
  A skeletal warrior (D:15)
  A deep troll (D:12)
  Pikel (D:5)
  A stone giant zombie (D:15)
  2 necromancers
  2 ugly things
  2 orc sorcerers (Orc:2)
  5 cyclopes
  2 deep elf magi (D:15)
  4 manticores
  15 elephants
  4 black mambas
  Psyche (D:8)
  3 torpor snails
  A gargoyle (D:11)
  8 cane toads
  A kobold demonologist (D:12)
  4 komodo dragons
  A rime drake (Lair:6)
  3 trolls
  A meliai (shapeshifter) (D:14)
  7 slime creatures
  2 deep troll zombies (D:15)
  5 blink frogs (Lair:3)
  A tyrant leech (Swamp:1)
  A centaur simulacrum (D:14)
  A meliai zombie (D:15)
  15 dream sheep
  A vampire (D:10)
  2 shadows (D:9)
  A tarantella (Lair:4)
  6 wraiths
  A spriggan (Lair:2)
  Sigmund (D:3)
  4 wyverns
  2 basilisks
  46 yaks
  2 steam dragons
  Grum (D:8)
  Menkaure (D:5)
  2 wargs (Orc:1)
  13 water moccasins
  3 soldier ants
  29 orc warriors
  3 sky beasts
  A black bear (Lair:3)
  5 phantoms
  10 ogres
  A necrophage (D:10)
  13 wolves
  8 centaurs
  2 lemures (D:5)
  17 bullfrogs
  3 big kobolds
  2 gnoll sergeants
  A wyvern skeleton (D:7)
  3 scorpions
  21 wights
  2 troll zombies (D:9)
  10 howler monkeys
  2 electric eels (D:11)
  2 bullfrog zombies (D:8)
  A quasit (D:5)
  3 centaur skeletons
  3 hounds
  3 jellies
  2 bullfrog skeletons
  4 centaur zombies
  20 orc priests
  3 iguanas
  15 orc wizards
  Crazy Yiuf (D:2)
  Natasha (thrice) (D:3)
  8 worker ants
  A yak simulacrum (Lair:3)
  4 ogre zombies (D:9)
  A hound skeleton (D:4)
  A worker ant zombie (D:9)
  16 gnolls
  10 adders
  2 shadow imps
  5 white imps
  An ufetubus (D:9)
  An ooze (D:1)
  3 adder skeletons
  A worm (D:2)
  A dart slug (D:4)
  8 leopard geckos
  73 orcs
  6 ball pythons
  6 giant cockroaches
  3 goblins
  3 hobgoblins
  14 jackals
  5 quokkas
  3 bats
  3 frilled lizards
  3 goblin skeletons (D:9)
  3 goblin zombies (D:9)
  A hobgoblin skeleton (D:9)
  27 kobolds
  An orc skeleton (D:9)
  11 orc zombies (D:9)
  A quokka zombie (D:7)
  8 rats
  A river rat simulacrum (Lair:3)
658 creatures vanquished.

Vanquished Creatures (collateral kills)
  A dire elephant (Lair:5)
  2 hydras
  A two-headed ogre (D:12)
  A centaur warrior (D:14)
  A catoblepas (Lair:6)
  3 death yaks
  A dancing weapon (D:14)
  A skeletal warrior (D:15)
  A centaur zombie (D:14)
  4 black mambas
  4 cane toads
  2 centaur skeletons (D:15)
  2 blink frogs (Lair:6)
  A dream sheep (Lair:6)
  10 yaks
  A water elemental (D:11)
  A water moccasin (Lair:6)
  5 wolves
  A centaur (D:14)
  A jelly (Lair:5)
  An orc wizard (Orc:2)
  An orc (Orc:2)
  A bush (Lair:5)
47 creatures vanquished.

Vanquished Creatures (others)
  A blink frog (Lair:6)
  A yak (D:10)
  A wolf (Lair:6)
  A howler monkey (D:9)
  102 fungi
  88 plants
  3 withered plants (D:15)
197 creatures vanquished.

Grand Total: 902 creatures vanquished

Notes
Turn   | Place    | Note
-------+----------+-------------------------------------------
     0 | D:1      | dolemite99 the Gnoll Arcane Marksman began the quest for
                  | the Orb.
     0 | D:1      | Reached XP level 1. HP: 17/17 MP: 4/4
     4 | D:1      | Noticed an electric eel
     4 | D:1      | Noticed an electric eel
   176 | D:1      | Reached XP level 2. HP: 23/23 MP: 5/5
  1070 | D:2      | Found a broken altar of Ashenzari.
  1184 | D:2      | Reached XP level 3. HP: 28/28 MP: 7/7
  1445 | D:2      | Found a blossoming altar of Fedhas.
  1446 | D:2      | Found an ancient bone altar of Kikubaaqudgha.
  1453 | D:2      | Became a worshipper of Kikubaaqudgha
  1659 | D:2      | Reached skill level 1 in Invocations
  2407 | D:2      | Found a sacrificial altar of Ru.
  2524 | D:2      | Found a runed translucent door.
  2525 | D:2      | Noticed Crazy Yiuf
  2803 | D:2      | Killed Crazy Yiuf
  2803 | D:2      | Reached skill level 1 in Short Blades
  2803 | D:2      | Reached skill level 1 in Long Blades
  2803 | D:2      | Reached skill level 1 in Axes
  2803 | D:2      | Reached skill level 1 in Maces & Flails
  2803 | D:2      | Reached skill level 1 in Polearms
  2803 | D:2      | Reached skill level 1 in Staves
  2803 | D:2      | Reached skill level 1 in Bows
  2803 | D:2      | Reached skill level 1 in Crossbows
  2803 | D:2      | Reached skill level 1 in Throwing
  2803 | D:2      | Reached skill level 1 in Armour
  2803 | D:2      | Reached skill level 1 in Stealth
  2803 | D:2      | Reached skill level 1 in Shields
  2803 | D:2      | Reached skill level 1 in Unarmed Combat
  2803 | D:2      | Reached skill level 1 in Evocations
  2803 | D:2      | Reached XP level 4. HP: 15/34 MP: 8/8
  3102 | D:3      | Reached skill level 1 in Conjurations
  3102 | D:3      | Reached skill level 1 in Summonings
  3102 | D:3      | Reached skill level 1 in Necromancy
  3102 | D:3      | Reached skill level 1 in Translocations
  3102 | D:3      | Reached skill level 1 in Transmutations
  3102 | D:3      | Reached skill level 1 in Fire Magic
  3102 | D:3      | Reached skill level 1 in Ice Magic
  3102 | D:3      | Reached skill level 1 in Air Magic
  3102 | D:3      | Reached skill level 1 in Earth Magic
  3102 | D:3      | Reached skill level 1 in Poison Magic
  3291 | D:3      | Noticed Natasha
  3316 | D:3      | Killed Natasha
  3316 | D:3      | Reached XP level 5. HP: 26/40 MP: 9/9
  3320 | D:3      | Noticed Natasha
  3332 | D:3      | Killed Natasha
  3472 | D:3      | Noticed Natasha
  3482 | D:3      | Killed Natasha
  3842 | D:3      | Noticed a phantom
  3924 | D:3      | Killed a phantom
  3924 | D:3      | Reached XP level 6. HP: 29/47 MP: 9/11
  4248 | D:3      | Noticed Sigmund
  4285 | D:3      | Killed Sigmund
  4285 | D:3      | Reached skill level 5 in Slings
  4285 | D:3      | Reached skill level 5 in Dodging
  4819 | D:3      | Found a glowing silver altar of Zin.
  5057 | D:4      | Learned a level 2 spell: Slow
  5061 | D:4      | Learned a level 3 spell: Confusing Touch
  5065 | D:4      | Learned a level 3 spell: Inner Flame
  5113 | D:4      | Found a snail-covered altar of Cheibriados.
  5117 | D:4      | Found a shimmering blue altar of Sif Muna.
  5166 | D:4      | Reached XP level 7. HP: 52/52 MP: 12/12
  5222 | D:4      | Found a staircase to the Ecumenical Temple.
  5785 | D:5      | Entered Level 5 of the Dungeon
  5935 | D:5      | Found Pier Arus's Distillery.
  5938 | D:5      | Found a glowing golden altar of the Shining One.
  5940 | D:5      | Bought 2 potions of curing for 72 gold pieces
  5940 | D:5      | Bought a potion of heal wounds for 60 gold pieces
  5940 | D:5      | Bought a potion of degeneration for 12 gold pieces
  5940 | D:5      | Bought a potion of cancellation for 96 gold pieces
  6451 | D:5      | Noticed Pikel
  6465 | D:5      | Killed Pikel
  6465 | D:5      | Reached XP level 8. HP: 60/60 MP: 10/14
  7181 | D:5      | Got a tiger eye-encrusted ring mail
  7192 | D:5      | Identified the +5 ring mail of Impatience {Str+4 Int-4
                  | Dex+2 Stlth+} (You found it on level 5 of the Dungeon)
  7339 | D:5      | Noticed Menkaure
  7341 | D:5      | Killed Menkaure
  7700 | D:5      | Found a sacrificial altar of Ru.
  7843 | D:6      | Found a glowing silver altar of Zin.
  8041 | D:6      | Reached * piety under Kikubaaqudgha
  8041 | D:6      | Identified Kikubaaqudgha's Almanac of Dark Secrets
                  | (Kikubaaqudgha gifted it to you on level 6 of the Dungeon)
  8041 | D:6      | Received a gift from Kikubaaqudgha
  8117 | D:6      | Found a white marble altar of Elyvilon.
  8265 | D:6      | Found a glowing drain.
  8273 | Sewer    | Entered a sewer
  9465 | D:7      | Reached XP level 9. HP: 66/66 MP: 16/16
  9599 | D:7      | Reached ** piety under Kikubaaqudgha
  9645 | D:7      | Reached skill level 5 in Spellcasting
  9812 | D:7      | Reached skill level 5 in Fighting
 10993 | D:7      | Identified a scroll of acquirement
 10993 | D:7      | Acquired the ring of Wonder {+Blink MR+ Dex+2 Slay+4}
 11111 | D:8      | Found an iron altar of Okawaru.
 11111 | D:8      | Noticed Grum
 11113 | D:8      | Reached skill level 5 in Invocations
 11122 | D:8      | Killed Grum
 11490 | D:8      | Reached XP level 10. HP: 74/74 MP: 18/18
 11517 | D:8      | Reached *** piety under Kikubaaqudgha
 11517 | D:8      | Identified Kikubaaqudgha's Grimoire of Evil Rites
                  | (Kikubaaqudgha gifted it to you on level 8 of the Dungeon)
 11517 | D:8      | Received a gift from Kikubaaqudgha
 11831 | D:8      | Found a radiant altar of Vehumet.
 11831 | D:8      | Found an opulent altar of Gozag.
 11885 | D:8      | Noticed Psyche
 11905 | D:8      | Killed Psyche
 11905 | D:8      | Reached skill level 5 in Short Blades
 11905 | D:8      | Reached skill level 5 in Long Blades
 11905 | D:8      | Reached skill level 5 in Axes
 11905 | D:8      | Reached skill level 5 in Maces & Flails
 11905 | D:8      | Reached skill level 5 in Polearms
 11905 | D:8      | Reached skill level 5 in Staves
 11905 | D:8      | Reached skill level 5 in Bows
 11905 | D:8      | Reached skill level 5 in Crossbows
 11905 | D:8      | Reached skill level 5 in Throwing
 11905 | D:8      | Reached skill level 5 in Armour
 11905 | D:8      | Reached skill level 5 in Stealth
 11905 | D:8      | Reached skill level 5 in Shields
 11905 | D:8      | Reached skill level 5 in Unarmed Combat
 11905 | D:8      | Reached skill level 5 in Evocations
 12083 | D:8      | Learned a level 1 spell: Animate Skeleton
 12915 | D:9      | Found Zanouheqar's Jewellery Shop.
 13015 | D:9      | Got an iridescent falchion
 13018 | D:9      | Identified the +8 falchion "Jutir" {vorpal, +Inv} (You
                  | found it on level 9 of the Dungeon)
 13229 | D:9      | Reached **** piety under Kikubaaqudgha
 13508 | D:9      | Found a staircase to the Orcish Mines.
 13719 | D:9      | Noticed Erolcha
 13733 | D:9      | Killed Erolcha
 14126 | D:10     | Entered Level 10 of the Dungeon
 14128 | D:10     | Got an ancient helmet
 14142 | D:9      | Identified the +2 helmet "Safyuzar" {*Corrode rElec rPois
                  | MR+} (You found it on level 10 of the Dungeon)
 14264 | D:10     | Learned a level 4 spell: Animate Dead
 14463 | D:10     | Noticed Nergalle
 14478 | D:10     | Killed Nergalle
 14478 | D:10     | Reached XP level 11. HP: 80/83 MP: 20/20
 14925 | D:9      | Bought an uncursed ring of poison resistance for 340 gold
                  | pieces
 14947 | D:10     | Noticed a death yak
 14953 | D:10     | Noticed a death yak
 14956 | D:10     | Noticed a death yak
 14964 | D:9      | Killed a death yak
 14964 | D:9      | Reached skill level 5 in Conjurations
 14964 | D:9      | Reached skill level 5 in Summonings
 14964 | D:9      | Reached skill level 5 in Necromancy
 14964 | D:9      | Reached skill level 5 in Translocations
 14964 | D:9      | Reached skill level 5 in Transmutations
 14964 | D:9      | Reached skill level 5 in Fire Magic
 14964 | D:9      | Reached skill level 5 in Ice Magic
 14964 | D:9      | Reached skill level 5 in Air Magic
 14964 | D:9      | Reached skill level 5 in Earth Magic
 14964 | D:9      | Reached skill level 5 in Poison Magic
 15350 | D:10     | Noticed a death yak
 15379 | D:10     | Killed a death yak
 15488 | D:10     | Noticed a death yak
 15521 | D:10     | Killed a death yak
 15696 | D:10     | Reached ***** piety under Kikubaaqudgha
 15709 | D:10     | Noticed a death yak
 15732 | D:10     | Killed a death yak
 15737 | D:10     | Noticed a death yak
 15757 | D:9      | Killed a death yak
 16166 | D:10     | Killed a death yak
 16186 | D:10     | Killed a death yak
 16424 | D:10     | Identified An Early Guide to Witchcraft
 16491 | D:10     | Found a staircase to the Lair.
 16495 | D:10     | Got a warped cloak
 16510 | D:10     | Identified the cursed +0 cloak "Vuahow" {rC+} (You found it
                  | on level 10 of the Dungeon)
 16602 | Lair:1   | Entered Level 1 of the Lair of Beasts
 16912 | Lair:1   | Reached XP level 12. HP: 91/91 MP: 23/23
 17074 | Lair:1   | Found a shimmering blue altar of Sif Muna.
 17176 | Lair:1   | Noticed Gastronok
 17221 | Lair:1   | Killed Gastronok
 18745 | Lair:2   | Noticed a dire elephant
 18773 | Lair:2   | Killed a dire elephant
 19653 | Lair:2   | Reached XP level 13. HP: 98/98 MP: 25/25
 22093 | Lair:4   | Found a runed translucent gate.
 22094 | Lair:4   | Found a runed translucent gate.
 22096 | Lair:4   | Found a runed translucent gate.
 22109 | Lair:4   | Noticed Tathib's ghost (journeyman MiFi)
 22110 | Lair:4   | Found a hole to the Spider Nest.
 22110 | Lair:4   | Found a staircase to the Swamp.
 22586 | Lair:4   | You fall into a shaft and drop 1 floor!
 22624 | Lair:5   | Noticed a dire elephant
 22643 | Lair:5   | HP: 4/100 [dire elephant (2)]
 22680 | Lair:5   | Killed a dire elephant
 23643 | Lair:5   | Found a staircase to the Slime Pits.
 24527 | Lair:4   | You fall into a shaft and drop 1 floor!
 25290 | Lair:5   | Upgraded the game from 0.26-a0-752-gcff87cac9a to
                  | 0.26-a0-757-g626ac9e51a
 25294 | Lair:5   | Learned a level 3 spell: Frozen Ramparts
 25566 | Lair:6   | Entered Level 6 of the Lair of Beasts
 25734 | Lair:6   | Learned a level 1 spell: Apportation
 25741 | Lair:6   | Learned a level 4 spell: Summon Lightning Spire
 25746 | Lair:6   | Learned a level 4 spell: Cause Fear
 25750 | Lair:6   | Learned a level 3 spell: Mephitic Cloud
 25755 | Lair:6   | Learned a level 4 spell: Petrify
 25890 | Lair:6   | Reached XP level 14. HP: 96/108 MP: 15/27
 26062 | Lair:6   | Reached skill level 10 in Slings
 26062 | Lair:6   | Reached skill level 10 in Dodging
 26616 | Lair:6   | Found a runed translucent door.
 26631 | Lair:6   | Found a shimmering altar of Xom.
 26631 | Lair:6   | Noticed jiml777's ghost (journeyman DEAE)
 27423 | Lair:6   | Reached skill level 10 in Invocations
 28436 | Lair:6   | Found the +5 robe of Night {Dark MR+ SInv}
 30766 | D:11     | Found Ucris's Assorted Antiques.
 30772 | D:11     | Bought a transparent hand axe for 200 gold pieces
 30772 | D:11     | Bought a wand of iceblast (15) for 100 gold pieces
 30772 | D:11     | Bought a scroll of fear for 87 gold pieces
 30772 | D:11     | Bought 2 potions of curing for 150 gold pieces
 30779 | D:11     | Identified the +7 hand axe "Boleulun" {venom, rElec Int-3
                  | SInv} (You bought it in a shop on level 11 of the Dungeon)
 30982 | D:12     | Noticed Josephine
 30989 | D:12     | Killed Josephine
 30989 | D:12     | Reached skill level 10 in Spellcasting
 31072 | D:12     | Noticed Nessos
 31076 | D:12     | Noticed Nessos
 31076 | D:12     | Nessos changed into Nessos the deep troll
 31084 | D:12     | Killed Nessos the deep troll
 31504 | D:12     | Reached skill level 10 in Fighting
 31865 | D:12     | Reached XP level 15. HP: 108/115 MP: 29/29
 32686 | Orc:1    | Entered Level 1 of the Orcish Mines
 32910 | Orc:2    | Entered Level 2 of the Orcish Mines
 33136 | Orc:2    | Found a gate leading to a gauntlet.
 33185 | Orc:2    | Found a roughly hewn altar of Beogh.
 33217 | Orc:2    | Found Zudaenoe's Book Shoppe.
 33302 | Orc:2    | Found a staircase to the Elven Halls.
 33439 | Orc:2    | Found a bloodstained altar of Trog.
 33548 | Orc:2    | Found a roughly hewn altar of Beogh.
 33827 | Orc:2    | Found Rania's Distillery.
 33983 | Orc:2    | Noticed an orc warlord
 33998 | Orc:2    | Killed an orc warlord
 33998 | Orc:2    | Reached skill level 10 in Hexes
 34202 | Orc:2    | Found Xotuc's Antique Armour Emporium.
 34204 | Orc:2    | Found a roughly hewn altar of Beogh.
 34211 | Orc:2    | Found Paxan's Antique Weapon Shoppe.
 34235 | Orc:2    | Bought an ichor-stained fustibalus for 680 gold pieces
 34235 | Orc:2    | Identified the +7 fustibalus "Koemaic" {flame, rF++ rC+}
                  | (You bought it in a shop on level 2 of the Orcish Mines)
 34393 | Orc:2    | Found a roughly hewn altar of Beogh.
 34793 | D:5      | Bought a potion of haste for 120 gold pieces
 36486 | D:13     | Reached skill level 10 in Short Blades
 36486 | D:13     | Reached skill level 10 in Long Blades
 36486 | D:13     | Reached skill level 10 in Axes
 36486 | D:13     | Reached skill level 10 in Maces & Flails
 36486 | D:13     | Reached skill level 10 in Polearms
 36486 | D:13     | Reached skill level 10 in Staves
 36486 | D:13     | Reached skill level 10 in Bows
 36486 | D:13     | Reached skill level 10 in Crossbows
 36486 | D:13     | Reached skill level 10 in Throwing
 36486 | D:13     | Reached skill level 10 in Armour
 36486 | D:13     | Reached skill level 10 in Stealth
 36486 | D:13     | Reached skill level 10 in Shields
 36486 | D:13     | Reached skill level 10 in Unarmed Combat
 36486 | D:13     | Reached skill level 10 in Evocations
 37058 | D:14     | You fall into a shaft and drop 1 floor!
 37058 | D:15     | Entered Level 15 of the Dungeon
 37281 | D:15     | Found a staircase to the Depths.
 37828 | D:15     | Found a blossoming altar of Fedhas.
 37970 | D:15     | Reached ****** piety under Kikubaaqudgha
 38307 | D:15     | Identified the +6 quarterstaff of Certain Death {venom,
                  | *Contam rC+ rN++ Int+4} (You found it on level 15 of the
                  | Dungeon)
 39014 | D:14     | Identified a +4 dagger of pain (a +2 dagger of venom
                  | bloodied by Kikubaaqudgha)
 39014 | D:14     | Received a gift from Kikubaaqudgha
 39256 | D:14     | Found Arghuom's Book Boutique.
 39636 | D:14     | Found a gate to the Vaults.
 40248 | Swamp:1  | Entered Level 1 of the Swamp
 40349 | Swamp:1  | Reached XP level 16. HP: 49/124 MP: 30/30
 40483 | Swamp:1  | HP: 5/124 [acid (8)]
 40485 | Swamp:1  | Mangled by a goliath frog

Illustrated notes

Levels and vault maps discovered:
D:1:      arrival_aquarium_b, layout_loops_ring, kennysheep_minor_cross
D:2:      wander_river, layout_basic, grunt_temple_overflow_growth_and_decay,
          ashenzari_altar_1, nicolae_ru_path_of_blood, uniq_crazy_yiuf_cottage
D:3:      layout_rooms, nicolae_overflow_hidden_temple, serial_aquarium,
          aquarium_bridge_square [aquarium_subvault_bridge,
          aquarium_subvault_balcony, aquarium_subvault_window,
          aquarium_subvault_bridge], aquarium_bridge_square
          [aquarium_subvault_window, aquarium_subvault_wall,
          aquarium_subvault_bridge, aquarium_subvault_wall],
          aquarium_window_corridor_2, aquarium_window_fake, aquarium_window_1,
          aquarium_view_2c, aquarium_view_2g, aquarium_balcony_5b,
          aquarium_pool_2, minmay_misc_feat_encased, uniq_sigmund, uniq_natasha
D:4:      layout_gridville, minitemple, lemuel_temple_firewalk_b
D:5:      layout_loops_cross, nicolae_overflow_crystal_walls,
          overflow_temple_1_default, serial_shops, nicolae_shop_stone,
          kennysheep_dice, uniq_pikel, uniq_menkaure
D:6:      layout_loops_ring, old_standard_altar, basic_altar,
          gup_sewer_entry_pipe
D:7:      layout_cave_pools, kennysheep_generic_room_11
D:8:      layout_layer_cave, lemuel_crystal_altar,
          gammafunk_temple_overflow_elements, uniq_grum, uniq_psyche
D:9:      layout_basic, zombieorc1_lemuel, serial_shops, shop, uniq_erolcha
D:10:     layout_big_octagon, dpeg_lair_monsters, uniq_nergalle
D:11:     layout_basic, serial_shops, shop, blue_anna_alchemist
          [blue_anna_fruit_fields, blue_anna_fruit_fields]
D:12:     layout_stronghold, hangedman_abyss_or_decor_jellyfish_corner,
          uniq_josephine, uniq_nessos
D:13:     layout_irregular_city, kennysheep_generic_room_13
D:14:     layout_basic, erik_vaults_1, grunt_decor_junction, serial_shops,
          nicolae_shop_crystal
D:15:     gammafunk_depths_entry_grave, layout_loops_ring, fedhas_altar_3
Lair:1:   layout_chaotic_city, basic_altar, infiniplex_staircase_pool,
          uniq_gastronok
Lair:2:   mu_elephants_graveyard, layout_chaotic_city, enter_volcano_1
Lair:3:   layout_hall_layers, eino_house_with_fridge
Lair:4:   layout_big_grid, swamp_mist, spider_nest_entry_rubble,
          ebering_ghost_rock_garden
Lair:5:   layout_long_grid, minmay_slime_entry_pillars,
          hangedman_lair_generics_rect
Lair:6:   evilmike_catoblepas_cave, layout_cave_pods, ebering_ghost_xom,
          infiniplex_staircase_pool_2
Swamp:1:  gammafunk_worm_tunnel, layout_basic_swamp, hangedman_swamp_lotus
Orc:1:    layout_diamond_mine, gammafunk_ghost_cemetery, uniq_sonja, uniq_erica
Orc:2:    grunt_orc_community_town_hall, layout_caves,
          grunt_orc_community_big_house_2, grunt_orc_community_big_house_1,
          grunt_orc_community_house_2, grunt_orc_community_house_1,
          grunt_orc_community_house_1, grunt_orc_community_house_2,
          gauntlet_entry_generic, nicolae_orc_pool_cavern, trog_book

Skill      XL: |  1  2  3  4  5  6  7  8  9 10 11 12 13 14 15 |
---------------+----------------------------------------------+-----
Invocations    | 1 2 3 4 5 6 7 8 9 10 11 | 11.3
Short Blades   | 1 2 3 4 5 6 7 8 9 10 | 10.4
Long Blades    | 1 2 3 4 5 6 7 8 9 10 | 10.4
Axes           | 1 2 3 4 5 6 7 8 9 10 | 10.4
Maces & Flails | 1 2 3 4 5 6 7 8 9 10 | 10.4
Polearms       | 1 2 3 4 5 6 7 8 9 10 | 10.4
Staves         | 1 2 3 4 5 6 7 8 9 10 | 10.4
Bows           | 1 2 3 4 5 6 7 8 9 10 | 10.4
Crossbows      | 1 2 3 4 5 6 7 8 9 10 | 10.4
Throwing       | 1 2 3 4 5 6 7 8 9 10 | 10.4
Armour         | 1 2 3 4 5 6 7 8 9 10 | 10.4
Stealth        | 1 2 3 4 5 6 7 8 9 10 | 10.4
Shields        | 1 2 3 4 5 6 7 8 9 10 | 10.4
Unarmed Combat | 1 2 3 4 5 6 7 8 9 10 | 10.4
Evocations     | 1 2 3 4 5 6 7 8 9 10 | 10.4
Spellcasting   | 3 4 5 6 7 8 9 10 | 10.8
Conjurations   | 1 2 3 4 5 6 7 8 |  8.8
Summonings     | 1 2 3 4 5 6 7 8 |  8.8
Necromancy     | 1 2 3 4 5 6 7 8 |  8.8
Translocations | 1 2 3 4 5 6 7 8 |  8.8
Transmutations | 1 2 3 4 5 6 7 8 |  8.8
Fire Magic     | 1 2 3 4 5 6 7 8 |  8.8
Ice Magic      | 1 2 3 4 5 6 7 8 |  8.8
Air Magic      | 1 2 3 4 5 6 7 8 |  8.8
Earth Magic    | 1 2 3 4 5 6 7 8 |  8.8
Poison Magic   | 1 2 3 4 5 6 7 8 |  8.8
Fighting       | 3 4 5 6 7 8 9 10 | 10.8
Slings         | 5 6 7 8 9 10 11 | 11.3
Dodging        | 5 6 7 8 9 10 11 | 11.3
Hexes          | 6 7 8 9 10 | 10.3

Action                   |  1- 3 |  4- 6 |  7- 9 | 10-12 | 13-15 | 16-18 || total
-------------------------+-------+-------+-------+-------+-------+-------++-------
Melee: Dagger            |    20 |    29 |   186 |       |    29 |       ||   264
       Bite              |     5 |     3 |    28 |    41 |    38 |       ||   115
       Punch             |     1 |       |     2 |    12 |    18 |       ||    33
       Falchion          |       |       |       |   202 |   145 |       ||   347
       Scimitar          |       |       |       |     4 |     7 |       ||    11
       Hand axe          |       |       |       |       |     4 |       ||     4
       Fustibalus        |       |       |       |       |     4 |       ||     4
       Unarmed           |       |       |       |       |     2 |       ||     2
 Fire: Hunting sling     |    93 |   167 |   365 |   353 |       |       ||   978
       Fustibalus        |       |       |       |    52 |  1187 |     4 ||  1243
Throw: Dart              |       |     9 |    52 |    99 |    32 |       ||   192
       Stone             |       |       |       |     9 |       |       ||     9
 Cast: Corona            |       |       |     5 |     7 |     5 |       ||    17
       Slow              |       |       |       |    47 |     1 |       ||    48
       Animate Skeleton  |       |       |       |    12 |     1 |       ||    13
       Animate Dead      |       |       |       |     3 |    45 |     2 ||    50
       Confusing Touch   |       |       |       |     1 |    12 |     2 ||    15
       Petrify           |       |       |       |       |     6 |       ||     6
       Mephitic Cloud    |       |       |       |       |    27 |       ||    27
       Summon Lightning  |       |       |       |       |    11 |       ||    11
       Frozen Ramparts   |       |       |       |       |     3 |       ||     3
       Apportation       |       |       |       |       |     2 |       ||     2
       Cause Fear        |       |       |       |       |     2 |       ||     2
Invok: Receive Corpses   |       |       |       |     3 |    23 |     3 ||    29
       Brand Weapon With |       |       |       |       |     1 |       ||     1
Evoke: Wand              |       |       |    20 |    16 |    43 |       ||    79
       Box of beasts     |       |       |       |       |     5 |       ||     5
       Lightning rod     |       |       |       |       |     8 |       ||     8
  Use: Scroll            |     4 |       |    10 |    11 |    27 |       ||    52
       Potion            |       |       |     2 |     1 |     9 |       ||    12
 Stab: Distracted        |       |       |       |     2 |       |       ||     2
       Petrified         |       |       |       |       |     1 |       ||     1
       Confused          |       |       |       |       |     3 |       ||     3
       Sleeping          |       |       |       |       |     1 |       ||     1
Armor: Robe              |     2 |       |       |       |       |       ||     2
       Ring mail         |    10 |    31 |   171 |   124 |   200 |       ||   536
       Scale mail        |       |       |       |       |    13 |       ||    13
Dodge: Dodged            |    35 |    65 |   353 |   272 |   487 |     3 ||  1215
Block: Buckler           |       |       |       |       |    13 |       ||    13
       Rpst.: Falchion   |       |       |       |    65 |    38 |       ||   103

Table legend: (Time is in decaauts)
 A = Elapsed time spent in this place.
 B = Non-inter-level travel time spent in this place.
 C = Inter-level travel time spent in this place.
 D = Time resting spent in this place.
 E = Time spent auto-exploring this place.
 F = Levels seen in this place.
 G = Mean time per level.
                   A        B        C        D        E       F      G
               +--------+--------+--------+--------+--------+-----+--------+
         Total |  40347 |  37948 |   2399 |  12001 |  18199 |  25 | 1613.9 |
       Dungeon |  24569 |  22786 |   1783 |   7836 |  10695 |  15 | 1637.9 |
          Lair |  12429 |  11871 |    558 |   3748 |   5435 |   6 | 2071.5 |
         Swamp |    238 |    238 |      0 |     24 |    134 |   1 |  238.0 |
  Orcish Mines |   1941 |   1883 |     58 |    250 |   1102 |   2 |  970.5 |
         Sewer |   1168 |   1168 |      0 |    140 |    832 |   1 | 1168.0 |
               +--------+--------+--------+--------+--------+-----+--------+

Top non-repeatable levels by time:
  Lair:6: 3016 daAuts
  Lair:5: 2747 daAuts
  Lair:2: 2554 daAuts
    D:12: 2479 daAuts
     D:9: 2105 daAuts
     D:5: 2089 daAuts
     D:2: 1988 daAuts
     D:3: 1986 daAuts
    D:10: 1818 daAuts
     D:8: 1792 daAuts
    D:11: 1699 daAuts
  Lair:4: 1635 daAuts
  Lair:3: 1616 daAuts
    D:14: 1548 daAuts
   Orc:2: 1487 daAuts
